 Dungeon Crawl Stone Soup version 0.25.1-2-g60ff931df9 (webtiles) character file.

Game seed: 14973308765692698461

302 Curus the Agent of Entropy (level 6, 0/51 HPs)
             Began as a Hill Orc Abyssal Knight on Nov 4, 2020.
             Was a Priest of Lugonu.
             Succumbed to a worker ant's poison
             ... on level 4 of the Dungeon.
             The game lasted 00:13:35 (3376 turns).

Curus the Agent of Entropy (HOAK)                   Turns: 3376, Time: 00:13:36

Health: 0/51       AC:  9    Str: 21    XL:     6   Next: 37%
Magic:  10/10      EV: 10    Int: 12    God:    Lugonu [***...]
Gold:   120        SH:  0    Dex: 12    Spells: 5/5 levels left

rFire    . . .     SeeInvis .   f - +1 flail
rCold    . . .     Gourm    .   (no shield)
rNeg     . . .     Faith    .   e - +1 ring mail
rPois    .         Spirit   .   h - +2 helmet
rElec    .         Reflect  .   l - scarf {repulsion}
rCorr    .         Harm     .   (no gloves)
MR       .....                  (no boots)
Stlth    +.........             d - amulet of the acrobat
HPRegen  0.17/turn              i - +6 ring of strength
MPRegen  0.12/turn              (no ring)

@: lethally poisoned (0 -> -2), repel missiles
A: no striking features
a: Depart the Abyss, Bend Space, Banish, Renounce Religion


You were on level 4 of the Dungeon.
You worshipped Lugonu.
Lugonu was most pleased with you.
You were not hungry.

You visited 1 branch of the dungeon, and saw 4 of its levels.
You visited the Abyss 1 time.

You collected 120 gold pieces.

Inventory:

Hand Weapons
 a - a +1 mace
 f - a +1 flail (weapon)
Armour
 b - a +0 leather armour
 e - a +1 ring mail (worn)
 h - a +2 helmet (worn)
 l - a scarf of repulsion (worn)
Jewellery
 d - an amulet of the acrobat (around neck)
 i - a +6 ring of strength (left hand)
 m - an uncursed amulet of regeneration {unknown}
Wands
 n - a wand of random effects (16)
Scrolls
 j - 2 scrolls of random uselessness
 k - a scroll of identify
Comestibles
 c - 10 rations


   Skills:
 - Level 3.6 Fighting
 + Level 5.3 Maces & Flails
 - Level 2.1 Armour
 - Level 0.7 Dodging
 + Level 6.2 Invocations


You had 5 spell levels left.
You didn't know any spells.
Your spell library was empty.

Dungeon Overview and Level Annotations

Branches:
Dungeon (4/15)
 Temple: D:4-7

Altars:
Uskayaw


Message History

The worker ant poisons you!
* * * LOW HITPOINT WARNING * * *
You feel sick.
* * * LOW HITPOINT WARNING * * *
You feel sick.
You hit the orc.
The orc is moderately wounded.
* * * LOW HITPOINT WARNING * * *
You feel sick. The orc hits you with a +0 flail.
* * * LOW HITPOINT WARNING * * *
You sock the orc!
You kill the orc!
Lugonu accepts your kill. Something hits you but does no damage.
As you read the scroll labeled QEMMOS XENTURGHU, it crumbles to dust.
It is a scroll of enchant armour.
Your +0 ring mail glows green for a moment.
Something hits you but does no damage.
You barely miss something.
You die...

... #..## .
#..###....# ...
....#....###
...>##..........##
.................<# .
..................#
....##.###.........#
.....#####.....$...###
#.....@{a...........#
#.%....#.............
........##............
.#.......#..........#
####...####.....>#.#
..............#..
...#...............#
..##...............?
#..#................


You could see a worker ant.

Vanquished Creatures
  A hound (D:4)
  Terence (D:1)
  A worker ant (D:4)
  A howler monkey zombie (D:3)
  5 adders (D:3)
  2 oozes
  A worm (D:3)
  3 dart slugs
  5 leopard geckos
  3 orcs
  3 ball pythons
  6 giant cockroaches
  7 goblins
  9 hobgoblins
  7 jackals
  10 bats
  3 frilled lizards
  5 kobolds
  8 rats
81 creatures vanquished.

Vanquished Creatures (others)
  An ogre (D:4)
1 creature vanquished.

Grand Total: 82 creatures vanquished

Notes
Turn   | Place    | Note
-------+----------+-------------------------------------------
     0 | Abyss:1  | Curus the Hill Orc Abyssal Knight began the quest for the
                  | Orb.
     0 | Abyss:1  | Reached XP level 1. HP: 19/19 MP: 2/2
    34 | Abyss:1  | Found a corrupted altar of Lugonu.
   107 | D:1      | Escaped the Abyss
   147 | D:1      | Reached skill level 3 in Invocations
   147 | D:1      | Reached XP level 2. HP: 24/26 MP: 2/4
   657 | D:1      | Reached XP level 3. HP: 29/31 MP: 5/5
  1223 | D:2      | Noticed Terence
  1247 | D:1      | Killed Terence
  1247 | D:1      | Reached ** piety under Lugonu
  1247 | D:1      | Reached skill level 4 in Invocations
  1247 | D:1      | Reached XP level 4. HP: 24/39 MP: 5/7
  2380 | D:3      | Reached XP level 5. HP: 45/45 MP: 8/8
  2490 | D:3      | Reached skill level 5 in Invocations
  2529 | D:3      | Reached *** piety under Lugonu
  2856 | D:3      | Found a hide-covered altar of Uskayaw.
  3123 | D:4      | Noticed an ogre
  3136 | D:4      | Banished an ogre
  3136 | D:4      | Reached skill level 5 in Maces & Flails
  3136 | D:4      | Reached skill level 6 in Invocations
  3136 | D:4      | Reached XP level 6. HP: 9/51 MP: 10/10
  3373 | D:4      | HP: 1/51 [orc/+0 flail (2)]
  3376 | D:4      | Succumbed to a worker ant's poison

Illustrated notes

Levels and vault maps discovered:
D:1:      dpeg_arrival_simpleton_b, layout_loops_ring, minmay_misc_feat_ornament
D:2:      layout_basic, first_ration, uniq_terence
D:3:      layout_rooms, lemuel_crystal_altar
D:4:      layout_cave_pools, minmay_temple_entry_junction_2,
          nicolae_qazlal_eye_of_the_storm

Skill      XL: |  1  2  3  4  5 |
---------------+----------------+-----
Invocations    | 3 4 6 |  6.2
Maces & Flails | 3 4 5 |  5.3
Fighting       | |  3.6
Armour         | |  2.1
Dodging        | |  0.7

Action                   |  1- 3 |  4- 6 || total
-------------------------+-------+-------++-------
Melee: Mace              |   102 |       ||   102
       Flail             |       |   235 ||   235
Invok: Banish            |       |     1 ||     1
  Use: Potion            |     3 |     5 ||     8
       Scroll            |     3 |     5 ||     8
  Eat: Chunk             |     1 |     8 ||     9
Armor: Leather armour    |    10 |       ||    10
       Ring mail         |    22 |   132 ||   154
Dodge: Dodged            |    93 |   199 ||   292
